 Dungeon Crawl Stone Soup version 0.32-a0-120-gfac0567ad4 (webtiles) character file.

Game seed: 10313173856570477064

3 Bravepunisher the Ducker (level 1, 0/11 HPs)
             Began as a Spriggan Monk on Feb 6, 2024.
             Slain by a scorpion (6 damage)
             ... on level 4 of the Dungeon.
             The game lasted 00:00:39 (77 turns).

Bravepunisher the Ducker (Spriggan Monk)              Turns: 77, Time: 00:00:40

Health: 0/11       AC:  2    Str:  7    XL:     1   Next: 41%
Magic:  2/2        EV: 19    Int: 11    God:
Gold:   10         SH:  0    Dex: 17    Spells: 0/0 levels left

rFire   . . .        a - +0 short sword
rCold   . . .        (no shield)
rNeg    . . .        b - +0 robe
rPois   .            (helmet restricted)
rElec   .            (no cloak)
rCorr   .            (gloves unavailable)
SInv    +            (boots unavailable)
Will    .....        (no amulet)
Stlth   ++           (no ring)
HPRegen 0.21/turn    (no ring)
MPRegen 0.08/turn

%: no passive effects
@: very quick
A: very small, no large weapons, unfitting armour, see invisible, speed 3
a: no special abilities


You were on level 4 of the Dungeon.
You visited 1 branch of the dungeon, and saw 4 of its levels.

You collected 10 gold pieces.

Inventory:

Hand Weapons
 a - a +0 short sword (weapon)
Armour
 b - a +0 robe (worn)
Potions
 c - a potion of ambrosia


   Skills:
 + Level 2.4 Fighting
 - Level 3.2 Short Blades
 * Level 4.2 Dodging


You couldn't memorise any spells.
You didn't know any spells.
Your spell library was empty.

Dungeon Overview and Level Annotations

Branches:
Dungeon (4/15)
 Temple: D:4-7

Altars:


Innate Abilities, Weirdness & Mutations

You are very small and have problems with some larger weapons.
You are too small for most types of armour.
You have supernaturally acute eyesight. (SInv)
You cover ground extremely quickly. (Speed+++)


Message History

You completely miss the kobold. The kobold misses you.
You hit the kobold.
You kill the kobold!
There is a stone staircase leading down here.
You climb downwards.
Found a ring mail.
Found a stone staircase leading down.
There is a stone staircase leading up here.
There is a stone staircase leading down here.
You climb downwards.
You hear the sound of rushing water.
There is an entrance to a sewer on this level.
Hurry and find it before the portal rusts away!
The kobold shouts!
Found 21 gold pieces.
There is a stone staircase leading up here.
A scorpion comes into view.
The kobold barely misses you.
You hit the kobold.
The kobold is severely wounded.
The kobold hits you with a +0 short sword.
You barely miss the kobold.
The kobold is severely wounded.
You closely miss the kobold.
The kobold is severely wounded.
The kobold barely misses you.
You completely miss the kobold.
The kobold is severely wounded.
The kobold hits you with a +0 short sword.
You miss the kobold.
The kobold is severely wounded.
The kobold misses you.
You closely miss the kobold.
The kobold is severely wounded.
The kobold barely misses you. The scorpion stings you.
A hobgoblin comes into view.
The hobgoblin shouts!
Found a stone staircase leading up.
The scorpion attacks as it pursues you! The scorpion stings you.
Ouch! That really hurt!
You die...

#..........#
#.....$....#
#......$...#
#..........#
##...K....##
##........##
##..........#
##...s.......#
#...@.g......#
...<............#
...#.#..........#
#. # ##........##
##......##
########


You could see a scorpion, a hobgoblin and a kobold.

Vanquished Creatures
  A goblin (D:2)
  A kobold (D:2)
  A rat (D:2)
3 creatures vanquished.

Notes
Turn   | Place    | Note
-------+----------+-------------------------------------------
     0 | D:1      | Bravepunisher the Spriggan Monk began the quest for the
                  | Orb.
     0 | D:1      | Reached XP level 1. HP: 11/11 MP: 2/2
    61 | D:4      | Noticed a scorpion
    77 | D:4      | Slain by a scorpion

Illustrated notes

Levels and vault maps discovered:
D:1:      heliophobic_arrival_enchanted_forest, layout_basic,
          ebering_ecumenical_altar_hall
D:2:      layout_rooms
D:3:      layout_loops_ring, lemuel_doored_altar, uniq_crazy_yiuf_cottage,
          uniq_natasha, uniq_pargi, uniq_robin, uniq_jessica
D:4:      layout_rooms, mainiacjoe_overflow_small_starburst,
          minmay_temple_entry_drinking_statues, gammafunk_ghost_arena,
          cheibrodos_sewer_entry_bend, grunt_ministairs_11, minmay_liquid_box,
          uniq_grinder, uniq_blork_the_orc

Action                     || total
---------------------------++-------
  Melee: Short sword       ||    11
 Armour: Robe              ||     5
  Dodge: Dodged            ||     7

Table legend: (Time is in decaauts)
 A = Elapsed time spent in this place.
 B = Non-inter-level travel time spent in this place.
 C = Inter-level travel time spent in this place.
 D = Time resting spent in this place.
 E = Time spent auto-exploring this place.
 F = Levels seen in this place.
 G = Mean time per level.
                   A        B        C        D        E       F      G
               +--------+--------+--------+--------+--------+-----+--------+
         Total |     53 |     53 |      0 |      0 |      6 |   4 |   13.2 |
       Dungeon |     53 |     53 |      0 |      0 |      6 |   4 |   13.2 |
               +--------+--------+--------+--------+--------+-----+--------+

Top non-repeatable levels by time:
     D:2: 23 daAuts
     D:1: 13 daAuts
     D:4: 12 daAuts
     D:3: 3 daAuts
